 Dungeon Crawl Stone Soup version 0.31-a0-267-g3fc6992b3b (webtiles) character file.

Game seed: 6287559048743833998

19 qw the Shooter (level 2, 0/24 HPs)
             Began as a Minotaur Hexslinger on July 14, 2023.
             Hit by a goblin thrown by Robin (2 damage)
             ... on level 2 of the Dungeon.
             The game lasted 00:00:14 (731 turns).

qw the Shooter (Minotaur Hexslinger)                 Turns: 731, Time: 00:00:15

Health: 0/24       AC:  5    Str: 12    XL:     2   Next: 55%
Magic:  2/2        EV: 10    Int: 10    God:
Gold:   71         SH:  0    Dex: 12    Spells: 2/3 levels left

rFire   . . .        Y - +1 sling
rCold   . . .        (no shield)
rNeg    . . .        f - +0 ring mail
rPois   .            (helmet restricted)
rElec   .            (no cloak)
rCorr   .            (no gloves)
SInv    .            (no boots)
Will    .....        a - amulet of the acrobat
Stlth   +            (no ring)
HPRegen 0.24/turn    (no ring)
MPRegen 0.08/turn

%: acrobat
@: no status effects
A: horns 2, retaliatory headbutt
a: no special abilities


You were on level 2 of the Dungeon.
You visited 1 branch of the dungeon, and saw 2 of its levels.

You collected 71 gold pieces.


Innate Abilities, Weirdness & Mutations

You have a pair of horns on your head.
You reflexively headbutt those who attack you in melee.


   Skills:
 - Level 2.2 Fighting
 + Level 3.1 Ranged Weapons
 - Level 2.1 Dodging
 - Level 1.0 Spellcasting
 - Level 2.0 Hexes


You had 2 spell levels left.
You knew the following spells:

 Your Spells              Type           Power      Damage    Failure   Level
a - Slow                  Hex            16%        N/A       34%         1

Your spell library contained the following spells:

 Spells                   Type           Power      Damage    Failure   Level
 Inner Flame              Hex/Fire       2%         N/A       83%         3
 Portal Projectile        Hex/Tloc       4%         N/A       83%         3
 Cause Fear               Hex            2%         N/A       98%         4

Inventory:

Hand Weapons
 Y - a +1 sling (weapon)
Armour
 f - a +0 ring mail (worn)
Jewellery
 a - an amulet of the acrobat (around neck)
Potions
 b - a potion of curing {unknown}
 g - a potion of might {unknown}
 h - a potion of mutation {unknown}

Dungeon Overview and Level Annotations

Branches:
Dungeon (2/15)

Altars:

Annotations:
D:2 Robin


Message History

The sling bullet barely misses the hobgoblin.
The hobgoblin hits you. The hobgoblin misses you.
Robin roars a battlecry!
The goblins go into a battle-frenzy!
The goblin unwields a +0 sling.
The goblin wields a +0 dagger.
The goblin barely misses you.
You hear a shout!
You hear an angry hiss.
You shoot a sling bullet.
The sling bullet hits the hobgoblin but does no damage.
The hobgoblin is moderately wounded.
The hobgoblin barely misses you. The hobgoblin hits you.
The goblin barely misses you.
You shoot a sling bullet. The sling bullet hits the hobgoblin.
You kill the hobgoblin!
The hobgoblin barely misses you. The goblin hits you with a +0 dagger.
The goblin closely misses you. You furiously retaliate!
You headbutt the goblin!
You kill the goblin!
A goblin comes into view. It is wielding a +0 club.
Robin roars a battlecry!
A goblin comes into view. It is wielding a +0 club.
The hobgoblin barely misses you. You furiously retaliate!
You headbutt the hobgoblin!
You kill the hobgoblin!
The goblin shouts!
You hear an angry hiss.
Your Fighting skill increases to level 2!
You shoot a sling bullet.
The sling bullet closely misses the goblin.
The goblin shouts!
The goblin hits you with a +0 dagger. The goblin hits you with a +0 club.
A frilled lizard comes into view.
The goblin hits you but does no damage.
You shoot a sling bullet. The sling bullet hits the goblin!
You kill the goblin!
The hobgoblin closely misses you. The goblin closely misses you.
You shoot a sling bullet. The sling bullet hits Robin.
Robin is moderately wounded.
Robin hits you with a +0 whip. The hobgoblin hits you.
An endoplasm comes into view.
The goblin hits you with a +0 dagger. Robin throws the goblin at you!
You die...

#.# #.# # #.# .#
#.# #..###%## .#
#. #...%)## .#
#...#..#.##.#
...#...#...#.#
.#...#...#.#.####
...#...#..g#g...#
.#...#...#%@.#
.#...#gwg###
#...#lg.#B#
#...#..g#
.J#...#.# #
.g#...# #.. #.#
g.# !..


You could see Robin, a dart slug, an endoplasm, a giant cockroach, 2 hobgoblins,
3 goblins and a frilled lizard.

Vanquished Creatures
  3 bats
  An endoplasm (D:2)
  5 goblins (D:2)
  3 hobgoblins (D:2)
  A kobold (D:2)
  3 ball pythons (D:1)
  A frilled lizard (D:1)
  A rat (D:2)
18 creatures vanquished.

Notes
Turn   | Place    | Note
-------+----------+-------------------------------------------
     0 | D:1      | qw the Minotaur Hexslinger began the quest for the Orb.
     0 | D:1      | Reached XP level 1. HP: 16/16 MP: 1/1
     0 | D:1      | 0 ||| qw: Version: 0.3-a-52-g30416fa
     0 | D:1      | 0 ||| qw: Game counter: 7891
     0 | D:1      | 0 ||| qw: Melee chars always use a shield: true
     0 | D:1      | 0 ||| qw: God list: Okawaru
     0 | D:1      | 0 ||| qw: Allow faded altars: false
     0 | D:1      | 0 ||| qw: Do Orc after clearing Dungeon:15 true
     0 | D:1      | 0 ||| qw: Do second Lair branch before Depths: true
     0 | D:1      | 0 ||| qw: Lair rune preference: random
     0 | D:1      | 0 ||| qw: Goals: Normal
     0 | D:1      | 0 ||| PLANNING D:1-11
   318 | D:1      | Found a faded altar of an unknown god.
   599 | D:1      | 599 ||| UPGRADING to +0 ring mail.
   609 | D:1      | 609 ||| DROPPING +0 robe.
   610 | D:1      | 610 ||| READING scroll labelled BIDUER NEBU.
   611 | D:1      | 611 ||| READING scroll labelled TUGUQUWKEN.
   611 | D:1      | Identified a scroll of acquirement
   611 | D:1      | 611 ||| ACQUIRING amulet of the acrobat
   611 | D:1      | Acquired an amulet of the acrobat
   613 | D:1      | 613 ||| UPGRADING to amulet of the acrobat.
   618 | D:1      | 618 ||| READING scroll labelled KACIUKEYPO.
   619 | D:1      | 619 ||| DROPPING scroll of poison.
   654 | D:2      | Reached skill level 3 in Ranged Weapons
   683 | D:2      | Reached XP level 2. HP: 23/23 MP: 2/2
   720 | D:2      | Noticed Robin
   722 | D:2      | 722 ||| Stepping ~*~*~tactically~*~*~ (outnumbered).
   731 | D:2      | HP: 5/24 [Robin/+0 whip (2)]
   731 | D:2      | HP: 2/24 [goblin/+0 dagger[Robin] (1)]
   731 | D:2      | Hit by a goblin thrown by Robin

Levels and vault maps discovered:
D:1:      minmay_arrival_open_corners, layout_loops_ring,
          dreamdust_ecumenical_altar_angels_and_demons
D:2:      layout_loops_ring, serial_shops, shop, shop, hex_large, uniq_robin

Skill      XL: |  1  2 |
---------------+-------+-----
Ranged Weapons | 3 |  3.1
Fighting       | 2 |  2.2
Dodging        | |  2.1
Spellcasting   | |  1.0
Hexes          | |  2.0

Action                     || total
---------------------------++-------
   Fire: Sling             ||    48
    Use: Scroll            ||     3
 Armour: Robe              ||     1
         Ring mail         ||     6
  Dodge: Dodged            ||    25

Table legend:
 A = Non-vault XP
 B = Vault XP
 C = Vault XP percentage of total XP
 D = Non-vault monster count
 E = Vault monster count
 F = Vault count percentage of total count
                 A         B        C        D         E       F
            +---------+---------+-------+---------+---------+-------
      Total |      17 |      11 |  39.3 |      12 |       6 |  33.3
            +---------+---------+-------+---------+---------+-------
        D:1 |       7 |       0 |   0.0 |       5 |       0 |   0.0
        D:2 |      10 |      11 |  52.4 |       7 |       6 |  46.2
            +---------+---------+-------+---------+---------+-------
